 Dungeon Crawl Stone Soup version 0.26-a0-50-gc4d14cd842 (webtiles) character file.

Game seed: 11405336914668635506

900 sanka the Insei (level 7, 60/60 HPs)
             Began as a Purple Draconian Monk on June 4, 2020.
             Was a Believer of Ru.
             Quit the game on level 5 of the Dungeon.
             The game lasted 00:08:16 (5440 turns).

sanka the Insei (Purple Draconian Monk)             Turns: 5440, Time: 00:08:16

Health: 60/60      AC: 10    Str: 14    XL:     7   Next: 79%
Magic:  7/7        EV: 14    Int: 10    God:    Ru [**....]
Gold:   258        SH:  0    Dex: 18    Spells: 6/6 levels left

rFire    + . .     SeeInvis +   v - +8 mace of Qaihut {holy, rElec rF+ rN++ Dex+3}
rCold    . . .     Gourm    .   (no shield)
rNeg     + + .     Faith    .   (armour unavailable)
rPois    .         Spirit   .   (helmet restricted)
rElec    +         Reflect  .   o - +2 cloak
rCorr    .         Harm     .   (no gloves)
MR       +....                  p - +0 pair of boots
Stlth    ++........             n - amulet of the acrobat
HPRegen  0.20/turn              g - ring of see invisible
MPRegen  0.10/turn              (no ring)

@: no status effects
A: breathe power, unfitting armour, cold-blooded, unskilled 1, AC +6
a: Breathe Dispelling Energy, Sacrifice Purity, Sacrifice Health, Sacrifice
Drink, Reject Sacrifices, Renounce Religion


You were on level 5 of the Dungeon.
You worshipped Ru.
Ru was pleased with you.
You were not hungry.

You visited 1 branch of the dungeon, and saw 5 of its levels.

You collected 258 gold pieces.


Innate Abilities, Weirdness & Mutations

You can breathe bolts of dispelling energy.
Your rich purple scales are hard. (AC +6)
You cannot fit into any form of body armour.
You are cold-blooded and may be slowed by cold attacks.
You are somewhat unskilled. (-1 Apt)


   Skills:
 + Level 4.8 Fighting
 + Level 3.9 Dodging
 - Level 1.5 Stealth
 + Level 7.0 Unarmed Combat


You had 6 spell levels left.
You didn't know any spells.
Your spell library was empty.

Inventory:

Hand Weapons
 v - the +8 mace of Qaihut (weapon) {holy, rElec rF+ rN++ Dex+3}

   It has been blessed by the Shining One to cause great damage to the undead
   and demons.
   It affects your dexterity (+3).
   It protects you from fire.
   It insulates you from electricity.
   It greatly protects you from negative energy.
Missiles
 j - 207 stones (quivered)
Armour
 o - a +2 cloak (worn)
 p - a +0 pair of boots (worn)
Jewellery
 g - a ring of see invisible (left hand)
 n - an amulet of the acrobat (around neck)
Scrolls
 e - a scroll of fog {unknown}
 k - 6 scrolls of identify {unknown}
 l - a scroll of random uselessness {unknown}
 m - 3 scrolls of remove curse
 t - a scroll of amnesia {unknown}
 w - a scroll of fear {unknown}
Potions
 b - a potion of flight {unknown}
 c - a potion of heal wounds {unknown}
 d - 2 potions of magic {unknown}
 f - a potion of curing {unknown}
 h - a potion of cancellation {unknown}
 i - 2 potions of resistance {unknown}
 q - a potion of lignification {unknown}
 r - a potion of degeneration {unknown}
 u - 2 potions of brilliance {unknown}
 x - a potion of mutation {unknown}
Comestibles
 a - 13 rations

Dungeon Overview and Level Annotations

Branches:
Dungeon (5/15)             Temple (0/1) D:4

Altars:
Ru
Sif Muna
Uskayaw
Xom
Yredelemnul
Zin
The Shining One

Annotations:
D:4 1 runed translucent door, Crazy Yiuf

▒▒▒▒▒▒▒▒▒▒▒▒▒
▒..........<▒
▒...........▒
▒..........(▒
▒....)......▒
▒...........▒
▒...........▒
▒...........▒▒▒▒▒▒▒▒▒
▒...d▒▒▒▒............
▒....'..▒............
▒....▒.(▒............
▒....▒..▒............
▒▒▒▒▒▒ ▒▒▒▒▒▒....▒▒▒▒
▒...▒....▒...
▒...▒....▒...
▒...▒....▒...
▒▒▒▒▒▒▒▒▒▒..▒....▒▒+▒


There were no monsters in sight!


Message History

There is a stone staircase leading up here.
You open the door.
There is an open door here.
There is an open door here.
There is an open door here.
You open the door.
There is an open door here.
A howler monkey skeleton comes into view.
The howler monkey skeleton hits you but does no damage.
You hit the howler monkey skeleton.
The howler monkey skeleton convulses.
The howler monkey skeleton is lightly damaged.
The howler monkey skeleton hits you but does no damage.
You sock the howler monkey skeleton!
The howler monkey skeleton convulses.
The howler monkey skeleton is severely damaged.
The howler monkey skeleton hits you but does no damage.
The howler monkey skeleton hits you.
You thump the howler monkey skeleton!
You destroy the howler monkey skeleton!
No target in view!
No target in view!
Ru believes you are ready to make a new sacrifice.
There is an open door here.
You open the door.
Found 10 poisoned darts.
Use which ability? (? or * to list)
Okay, then.
Unknown command.
Are you sure you want to abandon this character and quit the game? (Confirm with "yes".)

Action                   |  1- 3 |  4- 6 |  7- 9 || total
-------------------------+-------+-------+-------++-------
Melee: Unarmed           |   105 |   114 |       ||   219
       Tailslap          |    16 |    13 |     7 ||    36
       Punch             |     3 |     7 |     2 ||    12
       Mace              |       |    24 |    62 ||    86
Invok: Sacrifice Skill   |       |     1 |       ||     1
  Use: Scroll            |     1 |       |       ||     1
 Stab: Sleeping          |     5 |     4 |       ||     9
  Eat: Chunk             |     2 |    10 |     2 ||    14
Armor: Skin              |    28 |    31 |    17 ||    76
Dodge: Dodged            |    72 |    79 |    54 ||   205

Levels and vault maps discovered:
D:1:      lemuel_arrival_behind_the_door_small, layout_rooms, tso_altar
D:2:      layout_loops_ring, first_ration, lemuel_altar_in_water
D:3:      layout_basic, gammafunk_temple_overflow_elements
D:4:      layout_basic, lemuel_crystal_altar, overflow_temple_1_default,
          temple_doors_e, uniq_crazy_yiuf_cottage
D:5:      layout_gridville, dancing_weapons_uskayaw

Notes
Turn   | Place    | Note
-------+----------+-------------------------------------------
     0 | D:1      | sanka the Draconian Monk began the quest for the Orb.
     0 | D:1      | Reached XP level 1. HP: 19/19 MP: 1/1
   158 | D:1      | Reached XP level 2. HP: 3/26 MP: 2/2
   642 | D:1      | Found a glowing golden altar of the Shining One.
   759 | D:1      | Reached skill level 4 in Unarmed Combat
   950 | D:1      | Reached XP level 3. HP: 31/31 MP: 3/3
  1287 | D:2      | Found a shimmering altar of Xom.
  1616 | D:2      | Reached XP level 4. HP: 21/38 MP: 4/4
  1807 | D:2      | Reached skill level 5 in Unarmed Combat
  3139 | D:3      | Found a basalt altar of Yredelemnul.
  3139 | D:3      | Found a sacrificial altar of Ru.
  3152 | D:3      | Became a worshipper of Ru the Awakened
  3205 | D:3      | Gained mutation: You are somewhat unskilled. (-1 Apt) [Ru
                  | sacrifice]
  3205 | D:3      | Reduced skill Unarmed Combat to level 4
  3205 | D:3      | Reached * piety under Ru
  3205 | D:3      | Reached ** piety under Ru
  3352 | D:4      | Found a shimmering blue altar of Sif Muna.
  3359 | D:4      | Found a staircase to the Ecumenical Temple.
  3405 | D:4      | Noticed a phantom
  3443 | D:4      | Killed a phantom
  3443 | D:4      | Reached skill level 5 in Unarmed Combat
  3443 | D:4      | Reached XP level 5. HP: 44/45 MP: 5/5
  3825 | D:4      | Found a glowing silver altar of Zin.
  3847 | D:4      | Reached skill level 6 in Unarmed Combat
  4117 | D:4      | Found a runed translucent door.
  4118 | D:4      | Noticed Crazy Yiuf
  4235 | D:5      | Entered Level 5 of the Dungeon
  4259 | D:5      | Got a bloodstained mace
  4260 | D:5      | Identified the +8 mace of Qaihut {holy, rElec rF+ rN++
                  | Dex+3} (You found it on level 5 of the Dungeon)
  4274 | D:5      | Reached XP level 6. HP: 51/51 MP: 6/6
  4299 | D:5      | Noticed a +0 hand axe
  4300 | D:5      | Noticed a +0 dagger
  4436 | D:5      | Found a hide-covered altar of Uskayaw.
  4461 | D:5      | Reached skill level 3 in Dodging
  4585 | D:5      | Your scales start taking on a rich purple colour.
  4585 | D:5      | Reached XP level 7. HP: 43/58 MP: 7/7
  4781 | D:5      | Reached skill level 4 in Fighting
  5225 | D:5      | Reached skill level 7 in Unarmed Combat
  5440 | D:5      | Quit the game

Vanquished Creatures
  An ice beast (D:5)
  3 phantoms
  2 ogres (D:5)
  A scorpion (D:5)
  A howler monkey (D:4)
  A crimson imp (D:5)
  A hound (D:5)
  2 iguanas (D:5)
  A howler monkey zombie (D:5)
  A howler monkey skeleton (D:5)
  4 adders
  An ooze (D:3)
  An adder skeleton (D:5)
  3 worms
  4 dart slugs
  3 leopard geckos
  3 orcs (D:3)
  A ball python (D:4)
  6 bats
  4 giant cockroaches
  10 goblins
  4 hobgoblins
  12 jackals
  2 quokkas (D:5)
  5 frilled lizards
  7 kobolds
  A leopard gecko zombie (D:5)
  3 rats
88 creatures vanquished.

Vanquished Creatures (others)
  A worker ant (D:5)
1 creature vanquished.

Grand Total: 89 creatures vanquished
